 Dungeon Crawl Stone Soup version 0.22-a0-32-ga749362 (console) character file.

31425 puck the Bludgeoner (level 13, -4/125 HPs)
             Began as a Minotaur Berserker on Jan 3, 2018.
             Was a High Priest of Trog.
             Splashed by an acid blob's acid (18 damage)
             ... on level 5 of the Lair of Beasts.
             The game lasted 02:16:17 (16145 turns).

puck the Bludgeoner (Minotaur Berserker)           Turns: 16145, Time: 02:16:18

Health: -4/125     AC: 17    Str: 27    XL:     13   Next: 25%
Magic:  0/4        EV: 13    Int:  4    God:    Trog [*****.]
Gold:   774        SH:  7    Dex: 10    Spells: 12/12 levels left

rFire    . . .     SeeInvis .   P - +1 eveningstar (antimagic)
rCold    + . .     Gourm    .   S - +2 buckler
rNeg     + . .     Faith    .   F - +2 chain mail {MR+}
rPois    .         Spirit   .   (helmet restricted)
rElec    .         Reflect  .   K - +1 cloak of Divine Intervention {MR+ Slay+2 Stlth+}
rCorr    .         Harm     +   (no gloves)
MR       ++++.                  L - +0 pair of boots {Stlth+}
Stlth    ..........             y - amulet of harm
HPRegen  1.30/turn              Q - ring of positive energy
MPRegen  0.09/turn              x - ring of protection from cold

@: berserk cooldown, regenerating, slowed, very slow
A: retaliatory headbutt, horns 2
a: Berserk, Trog's Hand, Brothers in Arms, Burn Spellbooks, Renounce Religion


You were on level 5 of the Lair of Beasts.
You worshipped Trog.
Trog was extremely pleased with you.
You were hungry.

You visited 6 branches of the dungeon, and saw 21 of its levels.
You also visited: Sewer.

You collected 1311 gold pieces.
You spent 537 gold pieces at shops.

Inventory:

Hand Weapons
 b - a +2 mace of holy wrath
 w - a +1 antimagic short sword
 P - a +1 antimagic eveningstar (weapon)
Missiles
 f - 109 sling bullets
Armour
 F - a +2 chain mail of magic resistance (worn)
 K - the +1 cloak of Divine Intervention (worn) {MR+ Slay+2 Stlth+}
   (You bought it in a shop on level 10 of the Dungeon)

   It affects your accuracy and damage with ranged weapons and melee attacks
   (+2).
   It affects your resistance to hostile enchantments.
   It makes you more stealthy.
 L - a +0 pair of boots of stealth (worn)
 S - a +2 buckler (worn)
Jewellery
 i - an uncursed ring of flight
 x - a ring of protection from cold (right hand)
 y - an amulet of harm (around neck)
 B - an uncursed amulet of faith
 O - an uncursed amulet of the gourmand
 Q - a ring of positive energy (left hand)
 V - an uncursed ring of wizardry {unknown}
 Z - an uncursed ring of ice {unknown}
Wands
 j - a wand of paralysis (18)
 k - a wand of acid (6)
 A - a wand of digging (17)
 J - a wand of disintegration (22)
 N - a wand of flame (48)
 Y - a wand of polymorph (13)
Scrolls
 a - 3 scrolls of fear {unknown}
 e - 6 scrolls of enchant weapon
 g - 13 scrolls of teleportation
 h - 4 scrolls of brand weapon {unknown}
 m - 2 scrolls of amnesia
 n - 3 scrolls of magic mapping {unknown}
 p - a scroll of noise {unknown}
 z - 3 scrolls of blinking {unknown}
 E - 2 scrolls of immolation {unknown}
 G - 2 scrolls of vulnerability {unknown}
 I - 5 scrolls of remove curse
 M - 5 scrolls of identify
 R - 2 scrolls of fog {unknown}
 T - a scroll of enchant armour {unknown}
 U - a scroll of torment {unknown}
 W - a scroll of summoning {unknown}
Potions
 d - 5 potions of berserk rage
 l - 4 potions of brilliance
 o - 2 potions of cancellation
 q - 5 potions of might
 r - 5 potions of heal wounds
 s - 2 potions of mutation
 t - a potion of flight {unknown}
 u - 6 potions of curing
 v - a potion of haste
 D - a potion of invisibility
Miscellaneous
 C - a phantom mirror
 H - a fan of gales
Comestibles
 c - 27 rations


   Skills:
 * Level 14.9 Fighting
 * Level 15.0 Maces & Flails
 - Level 4.8 Throwing
 + Level 10.4 Armour
 + Level 9.7 Dodging
 + Level 6.3 Shields


You had 12 spell levels left.
You didn't know any spells.

Dungeon Overview and Level Annotations

Branches:
Dungeon (11/15)            Temple (1/1) D:4            Lair (5/6) D:11
 Shoals (0/4) Lair:2        Snake (1/4) Lair:4        Slime (1/5) Lair:5
    Orc (2/2) D:10
    Elf: Orc:2

Altars:
Ashenzari
Cheibriados
Dithmenos
Elyvilon
Fedhas
Gozag
Hepliaklqana
Kikubaaqudgha
Nemelex Xobeh
Qazlal
Ru
Sif Muna
Trog
Uskayaw
Vehumet
Wu Jian
Yredelemnul
The Shining One
Lugonu

Shops:
D:5 (   D:10 ([*

Annotations:
D:10 1 exclusion
Lair:1 exclusion: oklob plant
Lair:3 2 exclusions


Innate Abilities, Weirdness & Mutations

You reflexively headbutt those who attack you in melee.
You have a pair of horns on your head.


Message History

The azure jelly closely misses you. The azure jelly hits you.
* * * LOW HITPOINT WARNING * * *
You are too injured to fight recklessly!
You are too injured to fight recklessly!
You are too injured to fight recklessly!
You are too injured to fight recklessly!
You are too berserk!
You feel a strong urge to attack something.
The slime creature hits you.
* * * LOW HITPOINT WARNING * * *
A large slime creature splits.
You climb upwards.
Welcome back to the Lair of Beasts!
There is a staircase to the Slime Pits here.
You feel your anger nearly subside.
You are no longer berserk.
You are exhausted.
You feel yourself slow down. The acid blob spits acid at you.
The splash of acid hits you!
You are splashed with acid!
The acid burns!
You die...

▒▒▒▒.PP......▒....▒▒..▒.▒..≈≈≈..≈▒....▒
▒▒▒.......@.J.......▒▒P.≈≈≈≈≈.≈....▒
▒▒..▒........JJ.....▒▒≈≈≈≈...≈≈≈...▒▒▒
▒▒▒▒...........JJ.......≈≈≈≈≈≈..≈.≈≈...▒.
▒▒.▒▒'..▒.▒....▒...▒▒....▒P.≈≈≈..≈≈.....▒.
▒▒............▒▒▒...▒▒▒......≈≈≈≈≈≈≈≈......
▒▒.............▒▒▒...▒▒.....+..≈≈.≈≈........
▒.▒..........................▒≈≈..........PP
▒▒..........................▒▒P▒▒.▒.......▒▒
▒..P▒▒▒▒........▒▒P........▒▒▒▒▒▒▒.......P▒
▒.P▒▒ ▒.▒.▒..▒..▒▒▒.▒▒.....▒ ▒▒.+▒.▒▒▒▒ ▒▒▒▒
▒.▒..▒.P...▒▒.......▒▒ ▒▒....▒▒
▒▒..▒▒.....▒...▒.P.▒▒ ▒▒.▒....▒▒▒▒
▒▒▒▒...▒▒...........P..▒ ▒.▒......▒..
▒[▒.▒..▒.....P..▒▒....▒▒ ▒▒..........
▒▒...........▒.........▒▒▒▒▒▒.▒.........
▒..........▒...........▒..▒P...........
▒▒▒..........P...........................
▒....................[.)......P..........


You could see an acid blob, an azure jelly and 3 slime creatures.

Vanquished Creatures
  A dire elephant (Lair:3)
  Snorg (Lair:5)
  3 hydras
  Harold (Lair:4)
  5 two-headed ogres
  2 oklob plants (Lair:3)
  16 elephants (Lair:3)
  5 spiny frogs
  A kobold demonologist (D:11)
  A rime drake (Lair:5)
  A komodo dragon (Lair:4)
  2 trolls
  A hornet (D:9)
  4 slime creatures
  7 blink frogs
  2 hippogriffs
  Sigmund (D:6)
  7 spriggans
  3 basilisks
  20 yaks
  4 nagas (Lair:4)
  A soldier ant (D:9)
  8 porcupines
  12 water moccasins
  2 black bears (D:11)
  3 orc warriors
  3 ice beasts
  3 ogres
  3 centaurs
  5 wolves (Lair:3)
  11 crocodiles
  11 bullfrogs
  2 big kobolds
  A wyvern zombie (D:9)
  A scorpion (D:11)
  5 killer bees
  6 wights
  A howler monkey (D:4)
  6 crimson imps
  2 bullfrog zombies
  5 hounds
  A quasit (D:5)
  3 orc wizards
  6 jellies
  2 orc priests
  A bullfrog skeleton (D:8)
  2 iguanas
  12 worker ants
  A hound zombie (D:9)
  A howler monkey zombie (D:10)
  A worker ant zombie (D:7)
  4 gnolls (D:5)
  10 adders
  3 shadow imps
  An ooze (D:3)
  An adder zombie (D:9)
  3 adder skeletons
  A worm (D:5)
  2 dart slugs
  12 leopard geckos
  22 orcs
  2 ball pythons
  9 giant cockroaches
  5 goblins
  6 hobgoblins
  7 jackals
  14 kobolds
  4 quokkas
  10 bats
  2 frilled lizards (D:3)
  4 rats (D:1)
  A bush (Lair:5)
  5 fungi
  3 plants (Lair:3)
340 creatures vanquished.

Vanquished Creatures (others)
  66 fungi
  20 plants
86 creatures vanquished.

Grand Total: 426 creatures vanquished

Notes
Turn   | Place    | Note
-------+----------+-------------------------------------------
     0 | D:1      | puck the Minotaur Berserker began the quest for the Orb.
     0 | D:1      | Reached XP level 1. HP: 19/19 MP: 0/0
   205 | D:1      | Reached XP level 2. HP: 21/27 MP: 1/1
  1402 | D:2      | Reached skill level 4 in Maces & Flails
  1712 | D:2      | Found a stormy altar of Qazlal.
  1724 | D:2      | Found a radiant altar of Vehumet.
  1725 | D:2      | Found an ancient bone altar of Kikubaaqudgha.
  1725 | D:2      | Found a glowing golden altar of the Shining One.
  1726 | D:2      | Found a shadowy altar of Dithmenos.
  1726 | D:2      | Found a sacrificial altar of Ru.
  1726 | D:2      | Found a snail-covered altar of Cheibriados.
  1726 | D:2      | Found a deep blue altar of Sif Muna.
  1795 | D:2      | Reached XP level 3. HP: 29/33 MP: 2/2
  2439 | D:3      | Reached ** piety under Trog
  2670 | D:4      | Found a staircase to the Ecumenical Temple.
  2679 | Temple   | Entered the Ecumenical Temple
  2779 | D:4      | Noticed an ogre
  2786 | D:4      | Noticed a centaur
  2791 | D:4      | Killed a centaur
  2791 | D:4      | Reached skill level 5 in Fighting
  2791 | D:4      | Reached XP level 4. HP: 15/42 MP: 3/3
  2791 | D:4      | Reached XP level 5. HP: 18/48 MP: 4/4
  3060 | D:4      | Reached skill level 5 in Maces & Flails
  3286 | D:5      | Entered Level 5 of the Dungeon
  3444 | D:5      | Reached XP level 6. HP: 52/57 MP: 5/5
  3530 | D:5      | Reached skill level 6 in Maces & Flails
  3943 | D:5      | Found Huufroso's Weapon Emporium.
  4263 | D:6      | Reached XP level 7. HP: 63/63 MP: 6/6
  4494 | D:6      | Noticed Sigmund
  4502 | D:6      | Killed Sigmund
  4502 | D:6      | Reached skill level 7 in Maces & Flails
  4517 | D:6      | Reached *** piety under Trog
  4548 | D:6      | Found a hazy altar of Hepliaklqana.
  4619 | D:6      | Found a glowing drain.
  4631 | Sewer    | Entered a sewer
  4674 | Sewer    | Reached XP level 8. HP: 42/73 MP: 7/7
  4978 | D:6      | Found a hide-covered altar of Uskayaw.
  5210 | D:7      | Reached skill level 5 in Armour
  5443 | D:7      | Reached skill level 8 in Maces & Flails
  5443 | D:7      | Reached skill level 5 in Dodging
  6231 | D:8      | Found a basalt altar of Yredelemnul.
  6282 | D:8      | Found a white marble altar of Elyvilon.
  6390 | D:8      | Reached **** piety under Trog
  6390 | D:8      | Reached skill level 9 in Maces & Flails
  6495 | D:8      | Reached XP level 9. HP: 83/83 MP: 8/8
  7126 | D:9      | Reached skill level 10 in Maces & Flails
  7133 | D:9      | Reached skill level 10 in Fighting
  7566 | D:9      | Reached XP level 10. HP: 74/94 MP: 9/9
  7769 | D:9      | Noticed a two-headed ogre
  7776 | D:9      | Killed a two-headed ogre
  7776 | D:9      | Reached skill level 11 in Maces & Flails
  8592 | D:10     | Entered Level 10 of the Dungeon
  8592 | D:10     | Found Test's Armour Shop.
  8592 | D:10     | Found a staircase to the Orcish Mines.
  8592 | D:10     | Found Ceimeteubb's Weapon Shop.
  8657 | D:10     | Bought the +1 cloak of Divine Intervention {MR+ Slay+2 Stlth+} for 399 gold pieces
  8657 | D:10     | Bought a +0 pair of boots of stealth for 138 gold pieces
  8878 | D:10     | Found an opulent altar of Gozag.
  8880 | D:10     | Found Gozag's Platinum Reserve.
  8887 | D:10     | Noticed a two-headed ogre
  8891 | D:10     | Killed a two-headed ogre
  9010 | D:10     | Reached ***** piety under Trog
  9119 | D:10     | Noticed a two-headed ogre
  9129 | D:10     | Killed a two-headed ogre
  9129 | D:10     | Reached skill level 1 in Throwing
  9319 | D:10     | Noticed a two-headed ogre
  9327 | D:10     | Killed a two-headed ogre
  9327 | D:10     | Reached skill level 12 in Maces & Flails
  9327 | D:10     | Reached XP level 11. HP: 77/104 MP: 10/10
  9899 | Orc:1    | Entered Level 1 of the Orcish Mines
 10215 | Orc:2    | Entered Level 2 of the Orcish Mines
 10215 | Orc:2    | Noticed an orc sorcerer
 10223 | Orc:2    | Noticed an ettin
 10350 | D:11     | Found a staircase to the Lair.
 10369 | D:11     | Noticed a two-headed ogre
 10374 | D:11     | Killed a two-headed ogre
 10603 | Lair:1   | Entered Level 1 of the Lair of Beasts
 10854 | Lair:1   | Noticed an oklob plant
 11205 | Lair:2   | Received a gift from Trog
 11382 | Lair:2   | Found a staircase to the Shoals.
 11615 | Lair:2   | Reached skill level 13 in Maces & Flails
 11651 | Lair:2   | Noticed a seven-headed hydra
 11657 | Lair:2   | Killed a seven-headed hydra
 12496 | Lair:3   | Reached XP level 12. HP: 115/115 MP: 3/11
 12553 | Lair:3   | Reached skill level 1 in Shields
 13175 | Lair:3   | Reached skill level 14 in Maces & Flails
 13293 | Lair:3   | Found a blossoming altar of Fedhas.
 13359 | Lair:3   | Noticed a dire elephant
 13369 | Lair:3   | Killed a dire elephant
 13369 | Lair:3   | Reached skill level 5 in Shields
 14041 | Lair:3   | Reached skill level 10 in Armour
 14303 | Lair:4   | Noticed an eight-headed hydra
 14309 | Lair:4   | Killed an eight-headed hydra
 14390 | Lair:4   | Found a staircase to the Snake Pit.
 14569 | Lair:4   | Noticed Harold
 14583 | Lair:4   | Killed Harold
 14583 | Lair:4   | Reached XP level 13. HP: 125/125 MP: 4/12
 15192 | Snake:1  | Entered Level 1 of the Snake Pit
 15267 | Lair:5   | Received a gift from Trog
 15463 | Lair:5   | Found a staircase to the Slime Pits.
 15709 | Lair:5   | Noticed Snorg
 15718 | Lair:5   | Killed Snorg
 16128 | Slime:1  | Entered Level 1 of the Pits of Slime
 16128 | Slime:1  | Noticed an azure jelly
 16133 | Slime:1  | Noticed an acid blob
 16137 | Slime:1  | Reached skill level 15 in Maces & Flails
 16139 | Slime:1  | Noticed an acid blob
 16142 | Slime:1  | HP: 16/187 [slime creature (3)]
 16145 | Lair:5   | Splashed by an acid blob's acid

Vault maps used:
D:1:      dpeg_arrival_water_fire, hangedman_abyss_or_decor_stabs,
          minmay_crystal_room
D:2:      grunt_temple_overflow_open, minmay_misc_feat_ornament
D:3:      minivault_5, minivault_26, serial_park_tiny_1,
          hangedman_feature_mirror
D:4:      grunt_temple_overflow_order_and_chaos_2,
          gammafunk_temple_overflow_elements, minmay_temple_entry_large_hall
D:5:      first_ration, serial_shops, shop
D:6:      old_standard_altar, eat_drink_and_be_merry_uskayaw,
          gup_sewer_entry_pipe, uniq_sigmund
D:7:      serial_corexii_hall, corexii_hall_statues_i, corexii_hall_statues_i
D:8:      kennysheep_ying_yang
D:9:      hangedman_pestilent_swarm
D:10:     orc_david_3, minmay_strange_pillars, nicolae_gozag_zags_fifth_avenue
D:11:     due_lair_maze_entry_diamond, serial_shops, shop,
          nicolae_trove_entry_diagonal, kennysheep_boxes
Temple:   corrupted_temple
Lair:1:   dpeg_oklob_gauntlet, lab_entry_generic, st_stairs_4
Lair:2:   kb_forest_paths, elwin_shoals_entry_rocks
Lair:3:   mu_elephants_graveyard, minmay_lair_oklob_items, tgw_fedhas
Lair:4:   minmay_snake_entry_guardpost_small, uniq_harold
Lair:5:   minmay_slime_entry_pillars, minmay_hedge_maze,
          grunt_forest_small_clearings, lookout_lair_type, uniq_snorg
Snake:1:  uniq_aizul
Slime:1:  basic_altar
Orc:1:    serial_shops, nicolae_shop_waterfront, trog_butcher_becter,
          uniq_josephine
Orc:2:    grunt_orc_gardens, grunt_orc_garden, grunt_orc_garden,
          grunt_orc_garden, grunt_orc_garden, nicolae_orc_rockfall
Sewer:    sewer_big_baddie

Skill      XL: |  1  2  3  4  5  6  7  8  9 10 11 12 13 |
---------------+----------------------------------------+-----
Fighting       | 4 5 6 7 9 10 12 13 14 | 14.9
Maces & Flails | 4 5 6 7 9 10 12 13 14 15 | 15.0
Armour         | 3 4 6 7 8 9 10 | 10.4
Dodging        | 3 4 5 6 7 8 9 |  9.7
Throwing       | 1 4 |  4.8
Shields        | 5 6 |  6.3

Action                   |  1- 3 |  4- 6 |  7- 9 | 10-12 | 13-15 || total
-------------------------+-------+-------+-------+-------+-------++-------
Melee: Mace              |   104 |    75 |   132 |       |       ||   311
       Headbutt          |    22 |    13 |    46 |   102 |    14 ||   197
       Flail             |       |       |    91 |    11 |       ||   102
       Dire flail        |       |       |       |   202 |       ||   202
       Eveningstar       |       |       |       |   230 |    70 ||   300
Throw: Tomahawk          |       |       |       |     7 |       ||     7
Invok: Berserk           |     1 |     1 |     6 |    11 |     2 ||    21
       Burn Spellbooks   |       |       |     1 |     4 |       ||     5
       Trog's Hand       |       |       |       |       |     1 ||     1
  Use: Scroll            |       |       |    16 |     3 |       ||    19
       Potion            |       |       |       |     3 |       ||     3
  Eat: Chunk             |     3 |     6 |    10 |    18 |     4 ||    41
       Ration            |     1 |       |     2 |     4 |     1 ||     8
Armor: Animal skin       |     7 |       |       |       |       ||     7
       Ring mail         |    19 |       |       |       |       ||    19
       Scale mail        |       |    34 |    51 |       |       ||    85
       Chain mail        |       |       |    40 |   183 |    21 ||   244
Dodge: Dodged            |    44 |    46 |   144 |   172 |    26 ||   432
Block: Buckler           |       |       |       |    40 |    17 ||    57

Table legend:
 A = Spawn XP
 B = Non-spawn XP
 C = Spawn XP percentage of total XP
 D = Spawn monster count
 E = Non-spawn monster count
 F = Spawn count percentage of total count
 G = Total turns spent on level
                    A         B        C        D         E        F      G
               +---------+---------+-------+---------+---------+-------+---------
         Total |       0 |   44894 |   0.0 |       0 |     331 |   0.0 | 16145
               +---------+---------+-------+---------+---------+-------+---------
           D:1 |       0 |      19 |   0.0 |       0 |      11 |   0.0 |  1088
           D:2 |       0 |      24 |   0.0 |       0 |       7 |   0.0 |   958
           D:3 |       0 |      41 |   0.0 |       0 |      19 |   0.0 |   615
           D:4 |       0 |     282 |   0.0 |       0 |       9 |   0.0 |   576
           D:5 |       0 |     353 |   0.0 |       0 |      19 |   0.0 |   971
           D:6 |       0 |     634 |   0.0 |       0 |      20 |   0.0 |   649
           D:7 |       0 |     930 |   0.0 |       0 |      27 |   0.0 |   992
           D:8 |       0 |    1742 |   0.0 |       0 |      24 |   0.0 |  1225
           D:9 |       0 |    3236 |   0.0 |       0 |      30 |   0.0 |  1334
          D:10 |       0 |    3769 |   0.0 |       0 |      32 |   0.0 |  1265
          D:11 |       0 |    3567 |   0.0 |       0 |      19 |   0.0 |   385
        Lair:1 |       0 |    1827 |   0.0 |       0 |      10 |   0.0 |   284
        Lair:2 |       0 |    4390 |   0.0 |       0 |      18 |   0.0 |  1596
        Lair:3 |       0 |   13164 |   0.0 |       0 |      38 |   0.0 |  1781
        Lair:4 |       0 |    5433 |   0.0 |       0 |      22 |   0.0 |   962
        Lair:5 |       0 |    4205 |   0.0 |       0 |      11 |   0.0 |   902
       Slime:1 |       0 |     558 |   0.0 |       0 |       2 |   0.0 |    15
         Orc:1 |       0 |     302 |   0.0 |       0 |       6 |   0.0 |   216
         Orc:2 |       0 |     307 |   0.0 |       0 |       1 |   0.0 |    10
         Sewer |       0 |     111 |   0.0 |       0 |       6 |   0.0 |   270
               +---------+---------+-------+---------+---------+-------+---------
